 Dungeon Crawl Stone Soup version 0.28-a0-819-g6ef7baa362 (webtiles) character file.

Game seed: 11359512027656430726

72706 ders the Earth Mage (level 15, -10/78 HPs)
             Began as a Gargoyle Earth Elementalist on Nov 7, 2021.
             Was a High Priest of Vehumet.
             Shot with a bolt by Saint Roka (38 damage)
             ... on level 2 of the Orcish Mines on Nov 8, 2021.
             The game lasted 01:39:47 (28009 turns).

ders the Earth Mage (Gargoyle Earth Elementalist)  Turns: 28009, Time: 01:39:47

Health: -10/78     AC: 21    Str: 16    XL:     15   Next: 40%
Magic:  1/32       EV: 10    Int: 21    God:    Vehumet [*****.]
Gold:   2243       SH: 11    Dex:  5    Spells: 10/41 levels left

rFire   + + +      SeeInvis +   v - +3 double sword (holy)
rCold   + + .      Faith    .   P - +2 shield of Resistance {rF++ rC++ Will++}
rNeg    + + .      Spirit   .   z - +0 steam dragon scales
rPois   ∞          Reflect  .   W - -1 helmet "Zixkaga" {rPois rF+ rN+ Regen+}
rElec   +          Harm     .   p - +2 cloak {Stlth+}
rCorr   .          Rampage  .   N - +0 pair of gloves
Will    +++..                   x - +0 pair of boots
Stlth   ++........              e - amulet of magic regeneration
HPRegen 1.23/turn               L - ring "Musonu" {Ice rElec Str+3 Dex-5 SInv}
MPRegen 0.48/turn               B - ring of fire

@: flying, studying Long Blades
A: sickness immunity, AC +11, big wings, negative energy resistance 1,
electricity resistance, torment resistance 1, petrification resistance
a: Renounce Religion


You were on level 2 of the Orcish Mines.
You worshipped Vehumet.
Vehumet was extremely pleased with you.
You visited 4 branches of the dungeon, and saw 21 of its levels.
You also visited: Volcano.

You collected 2243 gold pieces.

Inventory:

Hand Weapons
 n - a +0 mace of holy wrath
 q - a +3 quarterstaff of chaos
 v - a +3 double sword of holy wrath (weapon)
Missiles
 c - 372 stones
 D - 2 throwing nets
Armour
 p - a +2 cloak of stealth (worn)
 t - +0 acid dragon scales
 x - a +0 pair of boots (worn)
 z - +0 steam dragon scales (worn)
 N - a +0 pair of gloves (worn)
 P - the +2 shield of Resistance (worn) {rF++ rC++ Will++}
   (You found it on level 11 of the Dungeon)

   rF:        It greatly protects you from fire.
   rC:        It greatly protects you from cold.
   Will:      It greatly increases your willpower.
 W - the -1 helmet "Zixkaga" (worn) {rPois rF+ rN+ Regen+}
   (You found it on level 2 of the Lair of Beasts)

   rF:        It protects you from fire.
   rPois:     It protects you from poison.
   rN:        It protects you from negative energy.
   Regen:     It increases your rate of health regeneration.
Magical Staves
 k - a staff of earth
Jewellery
 e - an amulet of magic regeneration (around neck)
 h - a ring of magical power
 B - a ring of fire (right hand)
 H - a ring of protection from cold
 L - the ring "Musonu" (left hand) {Ice rElec Str+3 Dex-5 SInv}
   (You acquired it on level 2 of the Orcish Mines)

   [ring of ice]

   It enhances your ice magic.
   Str:       It affects your strength (+3).
   Dex:       It affects your dexterity (-5).
   rF:        It makes you vulnerable to fire.
   rC:        It protects you from cold.
   rElec:     It insulates you from electricity.
   SInv:      It lets you see invisible.
 M - a ring of protection from fire
 R - a ring of wizardry
 X - an amulet of the acrobat
Wands
 f - a wand of digging (9)
 g - a wand of charming (8)
 j - a wand of acid (33)
 y - a wand of flame (64)
 C - a wand of mindburst (20)
 F - a wand of iceblast (38)
 G - a wand of polymorph (11)
 Z - a wand of paralysis (7)
Scrolls
 b - 2 scrolls of fog
 l - 2 scrolls of teleportation
 m - 4 scrolls of enchant armour
 r - 4 scrolls of fear
 u - 3 scrolls of enchant weapon
 I - 5 scrolls of noise
 J - a scroll of brand weapon
 Q - 3 scrolls of immolation
 Y - 2 scrolls of blinking
Potions
 a - 4 potions of flight
 d - 4 potions of resistance
 i - 2 potions of curing
 o - 2 potions of mutation
 s - a potion of cancellation
 w - 2 potions of heal wounds
 A - a potion of ambrosia
 E - a potion of attraction
 K - 3 potions of lignification
 O - a potion of berserk rage
 V - 2 potions of might


   Skills:
 + Level 3.3 Fighting
 + Level 1.5 Long Blades
 + Level 0.3 Staves
 - Level 1.5 Dodging
 - Level 2.1 Stealth
 * Level 9.9 Shields
 + Level 0.7 Unarmed Combat
 + Level 13.9 Spellcasting
 + Level 14.8 Conjurations
 + Level 1.1 Hexes
 + Level 1.4 Translocations
 + Level 0.7 Transmutations
 * Level 6.5 Fire Magic
 + Level 4.1 Ice Magic
 + Level 3.3 Air Magic
 + Level 15.0 Earth Magic
 + Level 0.2 Evocations


You had 10 spell levels left.
You knew the following spells:

 Your Spells              Type           Power      Damage    Failure   Level
a - Fireball              Conj/Fire      36%        3d15      1%          5
b - Stone Arrow           Conj/Erth      100%       3d13      1%          3
c - Blink                 Tloc           40%        N/A       7%          2
d - Frozen Ramparts       Ice            94%        1d11      1%          3
e - Lightning Bolt        Conj/Air       25%        1d41      1%          5
f - Flame Wave            Conj/Fire      73%        3d13      1%          4
g - Ensorcelled Hibernat  Hex/Ice        76%        N/A       4%          2
h - Sandblast             Erth           100%       2d20      0%          1
i - Apportation           Tloc           40%        N/A       4%          1
j - Freezing Cloud        Conj/Ice/Air   31%        6-21      3%          5

Your spell library contained the following spells:

 Spells                   Type           Power      Damage    Failure   Level
 Yara's Violent Unravell  Hex/Tmut       9%         3d6       36%         5
 Foxfire                  Conj/Fire      100%       2x1d9     1%          1
 Passwall                 Tmut/Erth      39%        N/A       1%          2
 Poisonous Vapours        Pois/Air       42%        N/A       1%          2
 Conjure Flame            Conj/Fire      73%        6-21      1%          3
 Dazzling Flash           Conj/Hex       96%        N/A       1%          3
 Inner Flame              Hex/Fire       46%        N/A       1%          3
 Mephitic Cloud           Conj/Pois/Air  40%        N/A       1%          3
 Iskenderun's Mystic Bla  Conj/Tloc      48%        2d11      1%          4
 Ignite Poison            Fire/Tmut/Pois 37%        N/A       2%          3
 Irradiate                Conj/Tmut      23%        3d21      2%          5
 Petrify                  Tmut/Erth      47%        N/A       3%          4
 Ozocubu's Armour         Ice            47%        N/A       4%          3
 Starburst                Conj/Fire      36%        6d11      4%          6
 Beastly Appendage        Tmut           34%        N/A       6%          1
 Corpse Rot               Necr/Air       42%        N/A       6%          2
 Airstrike                Air            14%        N/A       6%          4
 Summon Small Mammal      Summ           56%        N/A       9%          1
 Wereblood                Tmut           17%        N/A       10%         2
 Lesser Beckoning         Tloc           20%        N/A       14%         3
 Tukima's Dance           Hex            19%        N/A       16%         3
 Summon Guardian Golem    Hex/Summ       17%        N/A       21%         3
 Spider Form              Tmut/Pois      16%        N/A       22%         3
 Call Canine Familiar     Summ           14%        N/A       26%         3
 Summon Lightning Spire   Summ/Air       21%        N/A       38%         4
 Metabolic Englaciation   Hex/Ice        19%        N/A       61%         5
 Manifold Assault         Tloc           20%        N/A       78%         5
 Summon Forest            Summ/Tloc      8%         N/A       86%         5
 Summon Mana Viper        Hex/Summ       17%        N/A       88%         5
 Alistair's Intoxication  Tmut/Pois      10%        N/A       89%         5
 Simulacrum               Ice/Necr       17%        N/A       99%         6
 Invisibility             Hex            9%         N/A       100%        6
 Summon Cactus Giant      Summ           7%         N/A       100%        6
 Sublimation of Blood     Necr           Unusable   N/A       N/A         2

Dungeon Overview and Level Annotations

Branches:
Dungeon (12/15)            Temple (1/1) D:6            Lair (6/6) D:10
  Swamp (0/4) Lair:2       Spider (0/4) Lair:4        Slime (0/5) Lair:6
    Orc (2/2) D:12            Elf (0/3) Orc:2       Volcano (visited)

Altars:
Ashenzari
Cheibriados
Dithmenos
Elyvilon
Fedhas
Gozag
Hepliaklqana
Kikubaaqudgha
Makhleb
Nemelex Xobeh
Okawaru
Qazlal
Ru
Sif Muna
Trog
Uskayaw
Vehumet
Wu Jian
Xom
Yredelemnul
Zin
The Shining One
Beogh
Jiyva
Lugonu

Shops:
D:11 =   Orc:1 *

Annotations:
D:5 1 runed translucent door, Leeroy's ghost, novice DrTm
D:9 1 runed translucent door
Orc:2 Saint Roka


Innate Abilities, Weirdness & Mutations

You are immune to sickness and miasma.
Your stone body is resilient. (AC +11)
You are immune to poison.
Your large and strong wings let you fly.
You resist negative energy. (rN+)
You are resistant to electric shocks. (rElec)
You are resistant to unholy torment.
You are immune to petrification.


Message History

You feel a surge of power!
The fireball explodes!
The fireball engulfs Saint Roka!!
Saint Roka is heavily wounded.
Saint Roka shoots a bolt.
The bolt barely misses you.
Unknown command.
Casting: Fireball (dangerous; 1% risk of failure)
Confirm with . or Enter, or press ? or * to list all spells.
Aiming: Fireball (dangerous; 1% risk of failure)
Press: ? - help, Shift-Dir - straight line, f/p - Saint Roka
Aim: Saint Roka, wielding a +0 vorpal arbalest, wearing a +2 chain mail of poison resistance and quivering bolts (heavily wounded)
You feel a surge of power!
The fireball explodes!
The fireball engulfs Saint Roka.
Saint Roka is heavily wounded.
Saint Roka mumbles some strange prayers to Beogh against you.
Beogh smites you!
Unknown command.
Casting: Fireball (dangerous; 1% risk of failure)
Confirm with . or Enter, or press ? or * to list all spells.
Aiming: Fireball (dangerous; 1% risk of failure)
Press: ? - help, Shift-Dir - straight line, f/p - Saint Roka
Aim: Saint Roka, wielding a +0 vorpal arbalest, wearing a +2 chain mail of poison resistance and quivering bolts (heavily wounded)
You feel a surge of power!
The fireball explodes!
The fireball engulfs Saint Roka!!!
Saint Roka is severely wounded.
Saint Roka invokes the aid of Beogh against you.
Beogh smites you!
Unknown command.
Casting: Fireball (dangerous; 1% risk of failure)
Confirm with . or Enter, or press ? or * to list all spells.
Aiming: Fireball (dangerous; 1% risk of failure)
Press: ? - help, Shift-Dir - straight line, f/p - Saint Roka
Aim: Saint Roka, wielding a +0 vorpal arbalest, wearing a +2 chain mail of poison resistance and quivering bolts (severely wounded)
You feel a surge of power!
The fireball explodes!
The fireball engulfs Saint Roka!!
Saint Roka is severely wounded.
Saint Roka calls down the wrath of Beogh upon you.
Beogh smites you!
Unknown command.
Saint Roka shoots a bolt.
The bolt hits you!!!
You die...

###### ################### *##
####.##.###.#.#.#...##.##.#.###..
.##......#...................#...
.................)<.#.<..........
.............[..@$...[...........
.......##.......[[...............
...........[[...[................
............[#.))[.[[........#...
..........[...[....[[........)...
...>.....[.....)o...)[...........
........#...#.......[............
...........#.#...[..#[.[.........
..............#.....#...)........


You could see Saint Roka.

Vanquished Creatures
  Gastronok (D:9)
  A red draconian (Volcano)
  The ghost of Isouggaj the Gelid, a journeyman BaIE of Vehumet (Lair:5)
  A fire dragon (Lair:6)
  Harold (D:8)
  Erolcha (D:9)
  9 hydras
  3 boulder beetles
  A catoblepas (Lair:5)
  A centaur warrior (Volcano)
  4 two-headed ogres
  7 death yaks
  Urug (Lair:6)
  5 orc high priests
  A fire crab (Lair:6)
  Nergalle (D:11)
  An ugly thing (D:12)
  2 orc knights (Orc:1)
  A cyclops (Orc:1)
  5 orc sorcerers
  3 elephants
  Joseph (D:8)
  9 black mambas
  2 molten gargoyles (Lair:6)
  A torpor snail (Lair:2)
  2 gargoyles
  A freezing wraith (D:12)
  Maggie (D:8)
  Psyche (D:8)
  2 kobold demonologists (D:12)
  11 cane toads
  3 yaktaurs (Volcano)
  3 rime drakes
  An unseen horror (D:10)
  13 komodo dragons
  2 polar bears
  4 trolls
  6 slime creatures
  14 dream sheep (Lair:6)
  5 blink frogs (Lair:2)
  2 wraiths
  A shadow (D:11)
  9 basilisks
  9 wyverns
  3 fire bats (Orc:2)
  45 yaks
  3 steam dragons
  4 vampire mosquitoes
  Grum (D:10)
  3 swamp worms (Lair:2)
  3 hell hounds (Lair:6)
  4 wargs
  15 water moccasins
  4 acid dragons
  27 orc warriors
  A black bear (D:10)
  3 ice beasts
  2 sky beasts
  A hornet zombie (D:7)
  A necrophage (D:8)
  6 ogres
  14 centaurs
  12 wolves
  20 bullfrogs
  2 kobold brigands
  A gnoll sergeant (D:11)
  2 scorpions
  A water moccasin skeleton (D:5)
  A wight (D:6)
  9 howler monkeys
  5 lava snakes (Lair:6)
  3 centaur zombies
  A bullfrog skeleton (D:6)
  A bullfrog zombie (D:6)
  4 hounds
  5 jellies
  28 orc priests
  2 centaur skeletons
  A gnoll shaman (D:7)
  Crazy Yiuf (D:4)
  5 iguanas
  27 orc wizards
  A hound zombie (D:5)
  7 gnolls
  3 adders
  2 shadow imps
  3 white imps
  2 ufetubi
  An adder skeleton (D:4)
  2 worms
  2 dart slugs
  74 orcs
  5 bats
  9 endoplasms
  7 giant cockroaches
  4 goblins
  7 hobgoblins
  18 kobolds
  3 quokkas
  3 ball pythons
  5 frilled lizards
  9 rats
592 creatures vanquished.

Vanquished Creatures (others)
  A quokka (D:9)
  69 fungi
  92 plants
162 creatures vanquished.

Grand Total: 754 creatures vanquished

Notes
Turn   | Place    | Note
-------+----------+-------------------------------------------
     0 | D:1      | ders the Gargoyle Earth Elementalist began the quest for
                  | the Orb.
     0 | D:1      | Reached XP level 1. HP: 10/10 MP: 3/3
   636 | D:1      | Reached skill level 4 in Earth Magic
   636 | D:1      | Reached XP level 2. HP: 15/15 MP: 1/5
  1019 | D:1      | Found a faded altar of an unknown god.
  1152 | D:1      | Reached XP level 3. HP: 19/19 MP: 4/6
  1156 | D:1      | Learned a level 3 spell: Stone Arrow
  2778 | D:3      | Reached XP level 4. HP: 24/24 MP: 4/8
  2921 | D:3      | Found a glowing golden altar of the Shining One.
  2929 | D:3      | Reached skill level 5 in Earth Magic
  3076 | D:3      | Found a basalt altar of Yredelemnul.
  3521 | D:4      | Found a sacrificial altar of Ru.
  3528 | D:4      | You fall into a shaft and drop 2 floors!
  3531 | D:6      | Reached skill level 1 in Conjurations
  3531 | D:6      | Reached XP level 5. HP: 28/28 MP: 5/9
  3688 | D:6      | Found a hide-covered altar of Uskayaw.
  3774 | D:6      | Learned a level 2 spell: Blink
  3779 | D:5      | Entered Level 5 of the Dungeon
  4094 | D:4      | Reached skill level 6 in Earth Magic
  4094 | D:4      | Reached XP level 6. HP: 32/32 MP: 6/11
  4389 | D:4      | Found a runed translucent door.
  4390 | D:4      | Noticed Crazy Yiuf
  4598 | D:4      | Killed Crazy Yiuf
  4865 | D:4      | Noticed an orc warrior
  5107 | D:5      | Noticed a troll
  5312 | D:4      | Killed an orc warrior
  5342 | D:4      | Reached XP level 7. HP: 13/36 MP: 1/13
  5700 | D:5      | Reached skill level 7 in Earth Magic
  5785 | D:5      | Found a shimmering blue altar of Sif Muna.
  5817 | D:5      | Reached skill level 5 in Spellcasting
  5949 | D:5      | Reached XP level 8. HP: 42/42 MP: 1/16
  6022 | D:5      | Found a shadowy altar of Dithmenos.
  6265 | D:5      | Found a bloodstained altar of Trog.
  6338 | D:5      | Found a broken altar of Ashenzari.
  6375 | D:5      | Reached skill level 8 in Earth Magic
  6423 | D:5      | Found a runed translucent door.
  6423 | D:5      | Noticed Leeroy's ghost (novice DrTm)
  6811 | D:6      | Found a staircase to the Ecumenical Temple.
  6841 | D:6      | Found an ornate altar of the Wu Jian Council.
  6858 | Temple   | Entered the Ecumenical Temple
  7365 | D:6      | Reached skill level 5 in Conjurations
  7680 | D:6      | Noticed a wyvern
  7684 | D:6      | Killed a wyvern
  7883 | D:7      | Reached XP level 9. HP: 46/46 MP: 11/18
  7965 | D:7      | Reached skill level 9 in Earth Magic
  8127 | D:7      | Found a hazy altar of Hepliaklqana.
  8835 | D:7      | Found an iron altar of Okawaru.
  9306 | D:8      | Noticed Psyche
  9311 | D:8      | Noticed Joseph
  9318 | D:8      | Reached skill level 1 in Fighting
  9864 | D:8      | Killed Psyche
  9865 | D:8      | Reached skill level 10 in Earth Magic
  9865 | D:8      | Reached XP level 10. HP: 47/52 MP: 2/21
  9935 | D:8      | Killed Joseph
  9968 | D:8      | Noticed a two-headed ogre
 10125 | D:8      | Noticed Harold
 10130 | D:8      | Killed Harold
 10345 | D:8      | Killed a two-headed ogre
 10481 | D:8      | Reached skill level 10 in Conjurations
 10879 | D:9      | Noticed Maggie
 11000 | D:8      | Killed Maggie
 11001 | D:8      | Reached skill level 11 in Earth Magic
 11191 | D:9      | Noticed Erolcha
 11202 | D:9      | Killed Erolcha
 11203 | D:9      | Reached XP level 11. HP: 43/56 MP: 6/24
 11377 | D:9      | Noticed Gastronok
 11765 | D:9      | Found a runed translucent door.
 11767 | D:9      | Noticed a two-headed ogre
 12262 | D:9      | Found a white marble altar of Elyvilon.
 12432 | D:9      | Found a radiant altar of Vehumet.
 12435 | D:9      | Became a worshipper of Vehumet
 12458 | D:9      | Learned a level 5 spell: Metabolic Englaciation
 12464 | D:9      | Learned a level 5 spell: Lightning Bolt
 12569 | D:9      | Killed Gastronok
 12570 | D:9      | Reached skill level 1 in Air Magic
 12628 | D:9      | Found a shimmering altar of Xom.
 12858 | D:9      | Learned a level 4 spell: Iskenderun's Mystic Blast
 12921 | D:10     | Entered Level 10 of the Dungeon
 12971 | D:10     | Noticed Grum
 13162 | D:10     | Killed Grum
 13324 | D:10     | Found a staircase to the Lair.
 13337 | D:10     | Reached skill level 12 in Earth Magic
 13337 | D:10     | Noticed a two-headed ogre
 13342 | D:10     | Reached skill level 1 in Translocations
 13344 | D:10     | Killed a two-headed ogre
 13345 | D:10     | Reached skill level 10 in Spellcasting
 13476 | D:10     | Reached * piety under Vehumet
 13476 | D:10     | Offered knowledge of Freeze by Vehumet.
 13627 | D:10     | HP: 1/57 [something (4)]
 14129 | D:10     | Noticed a two-headed ogre
 14135 | D:10     | Killed a two-headed ogre
 14652 | D:10     | Learned a level 4 spell: Flame Wave
 14709 | D:10     | Reached XP level 12. HP: 25/62 MP: 1/26
 14934 | D:11     | Found Enlura's Jewellery Shop.
 15101 | D:11     | Found the +2 shield of Resistance {rF++ rC++ Will++}
 15204 | D:11     | Reached skill level 1 in Ice Magic
 15505 | D:11     | Reached skill level 1 in Shields
 15883 | D:12     | Noticed a boulder beetle
 16013 | Lair:1   | Entered Level 1 of the Lair of Beasts
 16072 | Lair:1   | Found an opulent altar of Gozag.
 16945 | Lair:1   | Reached skill level 1 in Fire Magic
 17300 | Lair:1   | Reached ** piety under Vehumet
 17511 | Lair:2   | Identified the -1 helmet "Zixkaga" {rPois rF+ rN+ Regen+}
 17534 | Lair:2   | Offered knowledge of Static Discharge by Vehumet.
 17608 | Lair:2   | Noticed a five-headed hydra
 17622 | Lair:2   | Killed a five-headed hydra
 17777 | Lair:2   | Reached skill level 1 in Hexes
 17888 | Lair:2   | Reached skill level 13 in Earth Magic
 17906 | Lair:2   | Noticed an eight-headed hydra
 17916 | Lair:2   | Killed an eight-headed hydra
 18028 | Lair:2   | Noticed a five-headed hydra
 18036 | Lair:2   | Killed a five-headed hydra
 18089 | Lair:2   | Found a staircase to the Swamp.
 18177 | Lair:2   | Reached XP level 13. HP: 68/68 MP: 19/28
 19097 | Lair:3   | Offered knowledge of Ignite Poison by Vehumet.
 19098 | Lair:3   | Reached skill level 5 in Shields
 19214 | Lair:3   | Learned a level 2 spell: Ensorcelled Hibernation
 19595 | Lair:3   | Reached *** piety under Vehumet
 20089 | Lair:4   | Offered knowledge of Frozen Ramparts by Vehumet.
 20157 | Lair:4   | Learned a level 3 spell: Frozen Ramparts
 20360 | Lair:4   | Found a hole to the Spider Nest.
 20846 | Lair:5   | Found a runed translucent gate.
 20846 | Lair:5   | Found a runed translucent gate.
 20847 | Lair:5   | Found a runed translucent gate.
 20936 | Lair:5   | Reached skill level 14 in Earth Magic
 21459 | Lair:5   | Reached **** piety under Vehumet
 21464 | Lair:5   | Gained mutation: Your large and strong wings let you fly.
                  | [Gargoyle growth]
 21464 | Lair:5   | Reached XP level 14. HP: 58/72 MP: 30/30
 21777 | Lair:5   | Offered knowledge of Fireball by Vehumet.
 21784 | Lair:5   | Learned a level 5 spell: Fireball
 21865 | Lair:5   | Noticed Isouggaj's ghost (journeyman BaIE)
 22040 | Lair:5   | Killed Isouggaj's ghost
 22141 | Lair:6   | Entered Level 6 of the Lair of Beasts
 22229 | Lair:5   | Upgraded the game from 0.28-a0-804-g60983d4ba9 to
                  | 0.28-a0-816-gb054d885db
 22328 | Lair:6   | Noticed Urug
 22406 | Lair:6   | Killed Urug
 22528 | Lair:6   | Found a viscous altar of Jiyva.
 22651 | Lair:5   | Identified 2 scrolls of acquirement
 22813 | Lair:6   | Reached ***** piety under Vehumet
 22813 | Lair:6   | Offered knowledge of Freezing Cloud by Vehumet.
 22816 | Lair:6   | Learned a level 1 spell: Apportation
 22838 | Lair:6   | Learned a level 5 spell: Freezing Cloud
 22999 | Lair:6   | Found a large runed translucent door.
 23000 | Lair:6   | Found a large runed translucent door.
 23493 | Lair:6   | Found a staircase to the Slime Pits.
 23975 | D:12     | Noticed Nergalle
 24091 | D:11     | Killed Nergalle
 25022 | D:12     | Found a blossoming altar of Fedhas.
 25205 | D:12     | Found a staircase to the Orcish Mines.
 25463 | D:12     | Reached skill level 5 in Fire Magic
 25694 | Orc:1    | Entered Level 1 of the Orcish Mines
 25751 | Orc:1    | Found Eguklo's General Store.
 25841 | Orc:1    | Acquired 636 gold pieces
 25926 | Orc:1    | Reached XP level 15. HP: 78/78 MP: 13/32
 26075 | Orc:1    | Offered knowledge of Sticky Flame by Vehumet.
 27011 | Orc:2    | Entered Level 2 of the Orcish Mines
 27012 | Orc:2    | Acquired the ring "Musonu" {Ice rElec Str+3 Dex-5 SInv}
 27301 | Orc:2    | Reached skill level 1 in Long Blades
 27373 | Orc:2    | Found a staircase to the Elven Halls.
 27397 | Orc:2    | Found a dark tunnel.
 27411 | Volcano  | Entered a volcano
 27433 | Volcano  | Reached skill level 15 in Earth Magic
 27812 | Orc:2    | Noticed Saint Roka
 27817 | Orc:2    | Offered knowledge of Yara's Violent Unravelling by Vehumet.
 27996 | Orc:1    | Upgraded the game from 0.28-a0-816-gb054d885db to
                  | 0.28-a0-819-g6ef7baa362
 28009 | Orc:2    | Shot with a bolt by Saint Roka

Illustrated notes

Levels and vault maps discovered:
D:1:      dpeg_arrival_signposts, layout_loops_ring,
          shapermc_ecumenical_altar_starsandcircs, kennysheep_decorative_pillar,
          minmay_cut_off
D:2:      layout_loops_corners
D:3:      layout_rooms, lemuel_doored_altar, amcnicky_altar_gilded
D:4:      layout_basic, nicolae_ru_awakened_eye, kennysheep_cluttered_room,
          uniq_crazy_yiuf_cottage
D:5:      layout_cave_pools, nicolae_dithmenos_shadow_blocks,
          lemuel_crystal_altar, lemuel_blue_sif_altar, lemuel_tele_altar,
          gammafunk_ghost_grave
D:6:      layout_basic, mainiacjoe_overflow_brackets,
          mainiacjoe_overflow_six_doors_small, temple_pool_b,
          grunt_decor_arrowhead, minmay_misc_feat_pillars,
          minmay_manual_monstrance
D:7:      layout_gridville, okawaru_metal_pillars_1_2, old_standard_altar
D:8:      layout_basic, uniq_psyche, uniq_joseph, uniq_harold
D:9:      layout_basic, kennysheep_mini_moat, mainiacjoe_overflow_alcove_4,
          elyvilon_altar_4, minmay_st_funbox, minmay_stone_trees_medium,
          uniq_erolcha, uniq_maggie, uniq_gastronok
D:10:     layout_long_grid, due_lair_maze_entry_diamond,
          kennysheep_generic_room_6, uniq_grum
D:11:     layout_basic, serial_shops, nicolae_lakefront_shop, minivault_27,
          chequers_serial_rivers_room_a
D:12:     layout_long_grid, hiddenorc1_lemuel, corexii_checkpoint_a,
          grunt_decor_mini_mirrors, fedhas_altar_fruit_tree, uniq_nergalle
Temple:   corrupted_temple
Lair:1:   wad_woods_stonehenge, layout_loops_ring,
          chequers_serial_rivers_micro_c
Lair:2:   layout_chaotic_city, palyth_hydra_swamp_entry
Lair:3:   layout_cellular_growth
Lair:4:   layout_regular_city, spider_nest_entry_web_field, beast_lair_carwin_11
Lair:5:   nzn_winding_woodlands_medium [nzn_winding_woodlands_5x5_three,
          nzn_winding_woodlands_5x15_twine, nzn_winding_woodlands_5x5_perimeter,
          nzn_winding_woodlands_5x5_closed_star,
          nzn_winding_woodlands_center_pierced_h,
          nzn_winding_woodlands_5x5_open_star,
          nzn_winding_woodlands_5x5_checkerboard,
          nzn_winding_woodlands_5x15_split_checker,
          nzn_winding_woodlands_5x5_cross], layout_misc_corridors,
          ebering_ghost_rock_garden, minivault_24, serial_bayou_shore_a
Lair:6:   cheibrodos_lair_end_hotspot, layout_big_grid, slime_altar_1, uniq_urug
Orc:1:    nicolae_orc_accident_3, layout_diamond_mine, basic_altar,
          serial_shops, shop
Orc:2:    st_orc_mages, layout_caves, basic_altar,
          nicolae_volcano_entry_batcave, ebering_ghost_xom,
          guppyfry_library_mini, uniq_snorg, uniq_saint_roka

Skill      XL: |  1  2  3  4  5  6  7  8  9 10 11 12 13 14 15 |
---------------+----------------------------------------------+-----
Earth Magic    | 4 5 6 7 8 10 11 12 13 14 15 | 15.0
Spellcasting   | 3 4 5 6 7 9 10 11 12 13 | 13.9
Conjurations   | 1 2 4 6 8 10 11 12 13 14 | 14.8
Fighting       | 1 2 3 |  3.3
Air Magic      | 2 3 |  3.3
Translocations | 1 |  1.4
Ice Magic      | 3 4 |  4.1
Shields        | 4 7 9 |  9.9
Fire Magic     | 1 5 6 |  6.5
Hexes          | 1 |  1.1
Long Blades    | 1 |  1.5
Staves         | |  0.3
Dodging        | |  1.5
Stealth        | |  2.1
Unarmed Combat | |  0.7
Transmutations | |  0.7
Evocations     | |  0.2

Action                   |  1- 3 |  4- 6 |  7- 9 | 10-12 | 13-15 || total
-------------------------+-------+-------+-------+-------+-------++-------
Melee: Unarmed           |    25 |       |       |       |       ||    25
       Staff             |     2 |     8 |     2 |     5 |     2 ||    19
       Double sword      |       |       |       |       |    30 ||    30
 Cast: Sandblast         |    67 |    64 |    17 |    27 |    29 ||   204
       Stone Arrow       |       |     5 |   101 |   227 |   249 ||   582
       Blink             |       |     1 |       |     2 |       ||     3
       Iskenderun's Myst |       |       |       |    14 |       ||    14
       Lightning Bolt    |       |       |       |    28 |     7 ||    35
       Flame Wave        |       |       |       |     5 |    20 ||    25
       Metabolic Englaci |       |       |       |     3 |       ||     3
       Frozen Ramparts   |       |       |       |       |     3 ||     3
       Ensorcelled Hiber |       |       |       |       |     6 ||     6
       Fireball          |       |       |       |       |   249 ||   249
       Freezing Cloud    |       |       |       |       |    27 ||    27
Evoke: Wand              |       |       |       |       |     4 ||     4
  Use: Scroll            |       |     4 |     6 |     8 |    18 ||    36
       Potion            |       |       |     4 |     4 |     9 ||    17
Armor: Robe              |    23 |    15 |     3 |       |       ||    41
       Steam dragon scal |       |       |     9 |   134 |   147 ||   290
Dodge: Dodged            |    34 |    21 |    19 |    70 |   137 ||   281
Block: Kite shield       |       |       |       |     3 |   213 ||   216

Table legend: (Time is in decaauts)
 A = Elapsed time spent in this place.
 B = Non-inter-level travel time spent in this place.
 C = Inter-level travel time spent in this place.
 D = Time resting spent in this place.
 E = Time spent auto-exploring this place.
 F = Levels seen in this place.
 G = Mean time per level.
                   A        B        C        D        E       F      G
               +--------+--------+--------+--------+--------+-----+--------+
         Total |  28126 |  24829 |   3297 |  10345 |   9900 |  22 | 1278.5 |
       Dungeon |  18234 |  15947 |   2287 |   7554 |   5813 |  12 | 1519.5 |
        Temple |     41 |     29 |     12 |      0 |     21 |   1 |   41.0 |
          Lair |   7677 |   6808 |    869 |   2140 |   3310 |   6 | 1279.5 |
  Orcish Mines |   2009 |   1881 |    128 |    596 |    755 |   2 | 1004.5 |
       Volcano |    163 |    163 |      0 |     53 |      0 |   1 |  163.0 |
               +--------+--------+--------+--------+--------+-----+--------+

Top non-repeatable levels by time:
     D:8: 2262 daAuts
    D:10: 1843 daAuts
  Lair:5: 1721 daAuts
     D:9: 1712 daAuts
     D:7: 1690 daAuts
     D:4: 1679 daAuts
    D:12: 1601 daAuts
   Orc:1: 1585 daAuts
     D:1: 1513 daAuts
  Lair:6: 1432 daAuts
     D:6: 1430 daAuts
  Lair:2: 1320 daAuts
    D:11: 1307 daAuts
  Lair:4: 1206 daAuts
     D:2: 1149 daAuts
